 Dungeon Crawl Stone Soup version 0.19.4-8-ga85b6b9 (console) character file.

31 shpingle the Skirmisher (level 3, -9/29 HPs)
             Began as a Mummy Monk on Feb 8, 2017.
             Mangled by a gnoll
             ... wielding a +0 whip
              (10 damage)
             ... on level 1 of the Dungeon.
             The game lasted 00:05:27 (1188 turns).

shpingle the Skirmisher (Mummy Monk)                Turns: 1188, Time: 00:05:27

Health: -9/29      AC:  2    Str: 14    XL:     3   Next: 7%
Magic:  3/3        EV: 12    Int: 10    God:
Gold:   36         SH:  3    Dex: 14    Spells: 0 memorised, 2 levels left

rFire  x . .     SeeInvis +     a - +0 mace
rCold  + . .     Gourm    .     b - +0 robe
rNeg   + + +     Faith    .     e - +0 buckler
rPois  ∞         Spirit   .     (no helmet)
rElec  .         Reflect  .     (no cloak)
rCorr  .         Harm     .     (no gloves)
MR     .....                    (no boots)
Stlth  ++........               (no amulet)
                                (no ring)
                                d - ring of see invisible

@: no status effects
A: no food or potions, fire vulnerability, cold resistance 1, negative energy
resistance 3, torment resistance, unbreathing
a: no special abilities


You were on level 1 of the Dungeon.
You were not hungry.

You visited 1 branch of the dungeon, and saw 2 of its levels.

You collected 36 gold pieces.

Inventory:

Hand Weapons
 a - a +0 mace (weapon)
 f - a +0 whip
Missiles
 j - 33 stones (quivered)
Armour
 b - a +0 robe (worn)
 e - a +0 buckler (worn)
Jewellery
 d - a ring of see invisible (left hand)
Scrolls
 c - 2 scrolls of identify {unknown}
 g - a scroll of teleportation {unknown}
 h - a scroll of immolation {unknown}
 i - a scroll of blinking {unknown}


   Skills:
 - Level 3.0 Fighting
 * Level 2.9 Maces & Flails
 + Level 1.1 Armour
 + Level 2.6 Dodging
 - Level 1.5 Stealth
 + Level 0.1 Shields


You had 2 spell levels left.
You didn't know any spells.

Dungeon Overview and Level Annotations

Branches:
Dungeon (2/15)

Altars:


Innate Abilities, Weirdness & Mutations

You do not eat or drink.
Your flesh is vulnerable to fire.
You are immune to poison.
Your flesh is cold resistant. (rC+)
You are immune to negative energy. (rN+++)
You are immune to unholy pain and torment.
You can survive without breathing.


Message History

You see here a spear.
There is a stone staircase leading up here.
Press: ? - help, v - describe, . - travel
Here: a gnoll, wielding a halberd The floor.
Unknown command.
The gnoll hits you from afar with a halberd!
An adder comes into view.
The adder hisses angrily.
The gnoll hits you with a halberd!
* * * LOW HITPOINT WARNING * * *
There is a stone staircase leading up here.
The gnoll hits you with a whip.
* * * LOW HITPOINT WARNING * * *
The gnoll hits you with a halberd!
* * * LOW HITPOINT WARNING * * *
You climb upwards.
There is a stone staircase leading down here.
The gnoll hits you with a whip!
You die...

█............█
█.██████████.███████████
█.█ ██.███.........█..
███.█████...██............
█...██...............%....
█.█.█..█....██.█████......
█..........███.█ █......
█..███↑███.█ █.█████......
█..█.....█.███.██.........
█..█.....█.....██.████.█.█
██.....g.@.███.██.█ █.█.█
█.█...>g█.█ █.██.█ █.█.█
█.█.....█.█ █.██.████.█%█
█.███.███.█ █.........█.█
█.........███.██.████.█..
███!███...............███
█.███..↑.....█..█████
█.█..........█..█
█.█.█......█.█..█
█..........█.█..██
███................█


You could see 2 gnolls.

Vanquished Creatures
  A dart slug (D:2)
  2 leopard geckos (D:1)
  4 bats (D:1)
  2 giant cockroaches (D:1)
  4 goblins
  3 hobgoblins (D:1)
  A frilled lizard (D:1)
  5 kobolds (D:1)
  6 rats
28 creatures vanquished.

Notes
Turn   | Place    | Note
-------+----------+-------------------------------------------
     0 | D:1      | shpingle the Mummy Monk began the quest for the Orb.
     0 | D:1      | Reached XP level 1. HP: 18/18 MP: 1/1
    65 | D:1      | Reached XP level 2. HP: 6/24 MP: 2/2
  1118 | D:2      | Reached XP level 3. HP: 28/29 MP: 3/3
  1185 | D:2      | HP: 1/29 [gnoll/halberd (8)]
  1188 | D:1      | Mangled by a gnoll

Skill      XL: |  1  2 |
---------------+-------+-----
Armour         | 1 |  1.1
Fighting       | |  3.0
Maces & Flails | |  2.9
Dodging        | |  2.6
Stealth        | |  1.5
Shields        | |  0.1

Action                   || total
-------------------------++-------
Melee: Mace              ||    84
 Stab: Sleeping          ||     3
Armor: Robe              ||    22
Dodge: Dodged            ||    52
Block: Buckler           ||    13
